 Dungeon Crawl Stone Soup version 0.20.1-1-g8b1a95d (webtiles) character file.

29 Gargoyl the Skirmisher (level 3, -2/33 HPs)
             Began as a Minotaur Abyssal Knight on July 17, 2017.
             Was a Follower of Lugonu.
             Slain by an adder (4 damage)
             ... on level 2 of the Dungeon.
             The game lasted 00:01:52 (910 turns).

Gargoyl the Skirmisher (Minotaur Abyssal Knight)     Turns: 910, Time: 00:01:53

Health: -2/33      AC: 14    Str: 16    XL:     3   Next: 1%
Magic:  3/3        EV:  5    Int:  9    God:    Lugonu [*.....]
Gold:   11         SH:  0    Dex: 10    Spells: 2/2 levels left

rFire    . . .     SeeInvis .   a - +2 hand axe
rCold    . . .     Gourm    .   (no shield)
rNeg     . . .     Faith    .   e - +1 plate armour
rPois    .         Spirit   .   (helmet restricted)
rElec    .         Reflect  .   (no cloak)
rCorr    .         Harm     .   (no gloves)
MR       .....                  (no boots)
Stlth    ..........             (no amulet)
Regen    0.2/turn               (no ring)
MPRegen  0.1/turn               (no ring)

@: lethally poisoned (-2 -> -8)
A: retaliatory headbutt, horns 2, yellow scales 1, deterioration 1, high mp 1
a: Depart the Abyss, Renounce Religion


You were on level 2 of the Dungeon.
You worshipped Lugonu.
Lugonu was aware of your devotion.
You were not hungry.

You visited 1 branch of the dungeon, and saw 2 of its levels.
You visited the Abyss 1 time.

You collected 11 gold pieces.

Inventory:

Hand Weapons
 a - a +2 hand axe (weapon)
Armour
 e - a +1 plate armour (worn)
Scrolls
 i - 3 scrolls of identify
Potions
 b - a potion of flight
 d - a potion of heal wounds {unknown}
 g - a potion of mutation
 h - a potion of lignification {unknown}
 j - a potion of haste {unknown}
Comestibles
 c - a bread ration
 f - 3 fruits


   Skills:
 + Level 4.2 Fighting
 + Level 3.3 Axes
 * Level 2.7 Armour
 + Level 1.1 Dodging
 * Level 1.8 Invocations


You had 2 spell levels left.
You didn't know any spells.

Dungeon Overview and Level Annotations

Branches:
Dungeon (2/15)

Altars:


Innate Abilities, Weirdness & Mutations

You reflexively headbutt those who attack you in melee.
You have a pair of horns on your head.
You are partially covered in yellow scales. (AC +2)
Your body sometimes deteriorates upon taking damage.
You have an increased reservoir of magic. (+10% MP)


Message History

* * * LOW HITPOINT WARNING * * *
You miss the adder. Your headbutt misses the adder.
The adder is almost dead.
Your plate armour prevents you from hitting the adder.
* * * LOW HITPOINT WARNING * * *
You feel sick.
The adder bites you but does no damage. x3
You miss the adder.
The adder is almost dead.
Your plate armour prevents you from hitting the adder.
* * * LOW HITPOINT WARNING * * *
You feel sick. The adder closely misses you.
The adder bites you but does no damage. The adder completely misses you.
Unknown command.
Unknown command.
It was a potion of mutation.
You feel extremely strange.
Yellow scales grow over part of your body.
You feel yourself wasting away.
You feel more energetic.
* * * LOW HITPOINT WARNING * * *
You feel sick. The adder bites you but does no damage. The adder bites you.
You die...

....# # ....
#.##...##
#....!..##
##$......#
.?.......#
#)..%..)#
#.....@S#
#....S....#
#............#
#...?....#.#.#
###..###.# # .
.#. .# .### .#
.# .#


You could see 2 adders.

Vanquished Creatures
  A leopard gecko (D:1)
  5 bats (D:1)
  A giant cockroach (D:1)
  6 hobgoblins
  2 jackals (D:1)
  4 kobolds (D:1)
  A frilled lizard (D:1)
  4 rats (D:1)
24 creatures vanquished.

Vanquished Creatures (others)
  4 starspawn tentacles (Abyss:2)
4 creatures vanquished.

Grand Total: 28 creatures vanquished

Notes
Turn   | Place    | Note
-------+----------+-------------------------------------------
     0 | Abyss:1  | Gargoyl the Minotaur Abyssal Knight began the quest for the Orb.
     0 | Abyss:1  | Reached XP level 1. HP: 19/19 MP: 1/1
    68 | Abyss:2  | Noticed a tentacled starspawn
    97 | D:1      | Escaped the Abyss
   360 | D:1      | Reached XP level 2. HP: 27/27 MP: 2/2
   452 | D:1      | Reached skill level 4 in Fighting
   497 | D:1      | Reached * piety under Lugonu
   896 | D:2      | Reached XP level 3. HP: 33/33 MP: 3/3
   910 | D:2      | Gained mutation: You are partially covered in yellow scales. (AC +2) [potion of mutation]
   910 | D:2      | Gained mutation: Your body sometimes deteriorates upon taking damage. [potion of mutation]
   910 | D:2      | Gained mutation: You have an increased reservoir of magic. (+10% MP) [potion of mutation]
   910 | D:2      | Slain by an adder

Skill      XL: |  1  2 |
---------------+-------+-----
Fighting       | 4 |  4.2
Axes           | 3 |  3.3
Armour         | |  2.7
Dodging        | |  1.1
Invocations    | |  1.8

Action                   || total
-------------------------++-------
Melee: Hand axe          ||    60
       Headbutt          ||     7
Invok: Depart the Abyss  ||     1
  Use: Scroll            ||     5
       Potion            ||     1
Armor: Plate armour      ||    68
Dodge: Dodged            ||    24
